 Dungeon Crawl Stone Soup version 0.19.0-2-gae57169 (webtiles) character file.

117893 Krapule the Tortoise (level 16, -5/154 HPs)
             Began as a Minotaur Berserker on Nov 6, 2016.
             Was the Champion of Trog.
             Slain by a spark wasp (16 damage)
             ... on level 3 of the Spider Nest.
             The game lasted 01:40:15 (24812 turns).

Krapule the Tortoise (Minotaur Berserker)          Turns: 24812, Time: 01:40:19

Health: -5/154     AC: 18    Str: 23    XL:     16   Next: 24%
Magic:  24/24      EV: 21    Int: 15    God:    Trog [******]
Gold:   1663       SH:  0    Dex: 11    Spells: 0 memorised, 15 levels left

rFire  . . .     SeeInvis .     a - +5 great mace (flame)
rCold  . . .     Gourm    .     T - +0 scale mail of Trog's Favour {rN+ Regen+ Int+6 Stlth-}
rNeg   + . .     Faith    .     (shield currently unavailable)
rPois  +         Spirit   .     (helmet restricted)
rElec  .         Reflect  .     w - +2 cloak
rCorr  .         Harm     .     p - +0 pair of gloves
MR     +....                    m - +1 pair of boots
Stlth  ..........               (no amulet)
                                V - ring of poison resistance
                                k - +3 ring of evasion

@: studying Evocations
A: retaliatory headbutt, horns 2
a: Berserk, Trog's Hand, Brothers in Arms, Burn Spellbooks, Renounce Religion


You were on level 3 of the Spider Nest.
You worshipped Trog.
Trog was exalted by your worship.
You were not hungry.

You visited 4 branches of the dungeon, and saw 26 of its levels.
You also visited: Ice Cave.

You collected 2877 gold pieces.
You spent 1214 gold pieces at shops.

Inventory:

Hand Weapons
 a - a +5 great mace of flaming (weapon)
 b - a +1 longbow of freezing
 o - a +1 antimagic demon whip
 q - a +2 antimagic great mace
Missiles
 Z - 541 arrows
Armour
 m - a +1 pair of boots (worn)
 p - a +0 pair of gloves (worn)
 w - a +2 cloak (worn)
 T - the +0 scale mail of Trog's Favour (worn) {rN+ Regen+ Int+6 Stlth-}
   (You found it on level 10 of the Dungeon)

   It affects your intelligence (+6).
   It protects you from negative energy.
   It increases your rate of regeneration.
   It makes you less stealthy.
Jewellery
 f - a +3 ring of strength
 k - a +3 ring of evasion (left hand)
 v - a +2 ring of dexterity
 x - an uncursed ring of see invisible
 z - an uncursed ring of flight
 F - an uncursed ring of fire
 V - a ring of poison resistance (right hand)
Wands
 l - a wand of random effects (26/48)
 u - a wand of iceblast (9/15)
 E - a wand of enslavement (0/24)
 K - a wand of slowing (29/48)
 N - a wand of teleportation (2/9)
 P - a wand of paralysis (9/24)
Scrolls
 j - 14 scrolls of remove curse
 r - 2 scrolls of fear
 s - 8 scrolls of teleportation
 t - 5 scrolls of magic mapping
 y - a scroll of silence
 B - 7 scrolls of enchant armour
 D - 3 scrolls of blinking {unknown}
 G - a scroll of summoning
 H - 7 scrolls of recharging {unknown}
 J - 7 scrolls of enchant weapon {unknown}
 M - 3 scrolls of fog
Potions
 d - 4 potions of magic
 e - 3 potions of invisibility
 g - a potion of cancellation
 h - 9 potions of curing
 n - 5 potions of might
 A - 3 potions of agility
 C - a potion of mutation
 L - a potion of ambrosia
 R - 2 potions of haste
 U - 7 potions of resistance
Books
 Q - a book of Air

   Spells                             Type                      Level
   a - Shock                          Conjuration/Air              1
   b - Swiftness                      Charms/Air                   2
   c - Repel Missiles                 Charms/Air                   2
   d - Static Discharge               Conjuration/Air              3
   e - Lightning Bolt                 Conjuration/Air              5
   Trog disapproves of the use of such an item.
 X - a manual of Evocations
Miscellaneous
 W - a phantom mirror
Comestibles
 c - 14 bread rations
 i - 6 fruits
 O - 3 royal jellies
 S - 2 chunks of flesh


   Skills:
 + Level 16.9 Fighting
 - Level 14.0 Maces & Flails
 + Level 17.1 Armour
 + Level 15.7 Dodging
 + Level 12.3 Evocations


You had 15 spell levels left.
You didn't know any spells.

Dungeon Overview and Level Annotations

Branches:
Dungeon (15/15)            Temple (0/1) D:5            Lair (6/6) D:11
 Shoals (0/4) Lair:4       Spider (3/4) Lair:3        Slime (0/5) Lair:5
    Orc (2/2) D:12            Elf (0/3) Orc:2        Vaults (0/5) D:14
 Depths (0/5) D:15

Altars:
Gozag
Nemelex Xobeh
Okawaru
Trog
Uskayaw
Xom
Beogh

Shops:
D:8 [   D:11 (   D:14 *   Orc:1 [   Orc:2 [!:(

Annotations:
Lair:2 exclusion: oklob plant


Innate Abilities, Weirdness & Mutations

You reflexively headbutt those who attack you in melee.
You have a pair of horns on your head.


Message History

You feel less resistant to hostile enchantments.
Your troll misses the spark wasp.
Your troll claws the spark wasp.
Your troll closely misses the spark wasp.
The spark wasp barely misses you. You furiously retaliate!
You headbutt the spark wasp!
Your troll bites the spark wasp!
Your troll barely misses the spark wasp.
Your troll claws the spark wasp!!
You hit the spark wasp but do no damage.
Your headbutt misses the spark wasp.
The spark wasp is almost dead.
The spark wasp stings you!
* * * LOW HITPOINT WARNING * * *
The spark wasp shocks you!
* * * LOW HITPOINT WARNING * * *
Your troll bites the spark wasp but does no damage.
Your troll barely misses the spark wasp. x2
The spark wasp stings you!
* * * LOW HITPOINT WARNING * * *
The spark wasp shocks you!
You die...

.....# .....## .#
##..# ......#
#.###...#### .....#
.........$## ....##
..........# ..##...
#.........# ..# .
#...|.....# ..# ..
#..T.)..... ..# #.
#.y@....... #.# .
#.^........ #.## .##
##........## #..#
#^# ##^#......##
##.# #.###........##
#.#####.#..###...#.#
##........###
..###.# ...#####..#
.### #. #(## ##.##
....# .


You could see a spark wasp and a friendly troll (berserk).

Vanquished Creatures
  Kirke (D:15)
  An orc warlord (Orc:2)
  2 emperor scorpions
  A yaktaur captain (D:15)
  Josephine (Lair:5)
  9 hydras
  3 vault guards (D:14)
  A tengu warrior (D:13)
  3 centaur warriors
  10 death yaks
  A merfolk aquamancer (Lair:4)
  An orc high priest (Orc:2)
  12 spriggans (Lair:6)
  2 skeletal warriors (D:11)
  5 unseen horrors
  5 hill giants
  6 orb spiders
  12 wolf spiders
  A manticore (D:12)
  4 ugly things
  A cyclops (D:11)
  3 orc sorcerers (Orc:2)
  A moth of wrath (Spider:3)
  5 black mambas
  A centaur zombie (D:14)
  An ice statue (IceCv)
  11 elephants
  11 spiny frogs
  A kobold demonologist (D:11)
  7 demonic crawlers
  2 rime drakes
  A yaktaur (D:15)
  6 komodo dragons
  An efreet (D:14)
  3 red devils (D:12)
  6 trolls
  14 jumping spiders
  2 polar bears
  3 hornets
  15 blink frogs
  8 hippogriffs
  3 slime creatures (D:12)
  3 two-headed ogres
  16 tarantellas
  34 redbacks
  4 wraiths (Lair:5)
  6 wyverns
  5 hogs
  54 yaks
  4 hungry ghosts
  A human (D:7)
  A steam dragon (D:13)
  4 basilisks
  Menkaure (D:5)
  A mottled dragon (D:13)
  9 wargs
  18 water moccasins
  8 porcupines
  An eye of draining (D:14)
  9 sky beasts
  A hornet zombie (D:14)
  30 orc warriors
  10 ice beasts
  8 black bears
  2 necrophages
  20 ogres
  2 phantoms
  40 wolves
  4 boggarts (Lair:6)
  14 centaurs
  12 crocodiles
  16 bullfrogs
  22 big kobolds
  A wyvern zombie (D:11)
  A wyvern skeleton (D:13)
  8 scorpions
  3 electric eels
  5 howler monkeys
  4 crimson imps
  5 jellies
  2 quasits
  2 bullfrog zombies
  15 hounds
  26 orc priests
  31 orc wizards
  5 bullfrog skeletons
  5 centaur skeletons
  Ijyb (D:2)
  5 iguanas
  9 worker ants
  A killer bee zombie (D:8)
  A hound zombie (D:6)
  A worker ant zombie (D:7)
  3 gnolls (D:2)
  12 adders
  3 shadow imps
  4 oozes
  3 adder zombies (D:5)
  An adder skeleton (D:4)
  7 worms
  A dart slug (D:4)
  5 leopard geckos
  83 orcs
  2 ball pythons
  4 giant cockroaches
  8 goblins
  5 hobgoblins
  11 jackals
  4 quokkas
  5 bats
  5 frilled lizards
  A jackal skeleton (D:5)
  33 kobolds
  3 rats
881 creatures vanquished.

Vanquished Creatures (collateral kills)
  Arachne (Spider:3)
  Rupert (D:12)
  An entropy weaver (Spider:1)
  A hill giant (D:12)
  An ugly thing (IceCv)
  4 elephants (Lair:6)
  2 ice statues (IceCv)
  A red devil (D:12)
  A redback (Spider:1)
  A yak (Lair:6)
  2 orc warriors (Orc:2)
  An ice beast (D:12)
  5 electric eels (D:11)
  5 orc priests (Orc:2)
  4 orc wizards (Orc:2)
  5 orcs (Orc:2)
  2 butterflies (Lair:6)
38 creatures vanquished.

Vanquished Creatures (others)
  A bullfrog (D:13)
  An orc (D:9)
  13 fungi
  5 plants (Lair:6)
20 creatures vanquished.

Grand Total: 939 creatures vanquished

Notes
Turn   | Place    | Note
-------+----------+-------------------------------------------
     0 | D:1      | Krapule the Minotaur Berserker began the quest for the Orb.
     0 | D:1      | Reached XP level 1. HP: 19/19 MP: 0/0
   245 | D:1      | Reached XP level 2. HP: 22/27 MP: 1/1
   762 | D:2      | Found a faded altar of an unknown god.
   764 | D:2      | Noticed Ijyb
   767 | D:2      | Reached XP level 3. HP: 30/33 MP: 2/2
   782 | D:2      | Killed Ijyb
   792 | D:2      | Reached ** piety under Trog
   820 | D:2      | Reached XP level 4. HP: 11/41 MP: 3/3
  1121 | D:2      | Reached skill level 3 in Armour
  1323 | D:2      | Found an iron altar of Okawaru.
  1613 | D:3      | Reached XP level 5. HP: 47/47 MP: 4/4
  1899 | D:4      | HP: 2/47 [orc priest (2)]
  1901 | D:4      | Reached skill level 5 in Maces & Flails
  1902 | D:4      | Reached skill level 5 in Fighting
  2097 | D:4      | Reached XP level 6. HP: 56/56 MP: 5/5
  2131 | D:4      | Reached skill level 4 in Armour
  2138 | D:4      | Reached *** piety under Trog
  2330 | D:4      | Reached skill level 5 in Dodging
  2330 | D:4      | Reached XP level 7. HP: 26/62 MP: 6/6
  2919 | D:4      | Reached skill level 5 in Armour
  3099 | D:5      | Entered Level 5 of the Dungeon
  3099 | D:5      | Noticed Menkaure
  3147 | D:5      | Found a staircase to the Ecumenical Temple.
  3473 | D:5      | Reached XP level 8. HP: 59/71 MP: 7/7
  3602 | D:5      | Killed Menkaure
  3602 | D:5      | Reached skill level 6 in Armour
  4643 | D:6      | Reached **** piety under Trog
  4788 | D:6      | Reached skill level 7 in Armour
  5196 | D:6      | Reached XP level 9. HP: 81/81 MP: 8/8
  5356 | D:7      | Reached skill level 8 in Armour
  5483 | D:7      | Found a bloodstained altar of Trog.
  6035 | D:7      | Reached ***** piety under Trog
  6041 | D:7      | Reached XP level 10. HP: 76/91 MP: 9/9
  6364 | D:8      | Found a hide-covered altar of Uskayaw.
  6432 | D:8      | Reached skill level 9 in Armour
  6734 | D:8      | Reached skill level 10 in Maces & Flails
  6796 | D:8      | Found a shimmering altar of Xom.
  6861 | D:8      | Found Seoss's Antique Armour Emporium.
  7626 | D:9      | Found a sparkling altar of Nemelex Xobeh.
  7656 | D:9      | Found a roughly hewn altar of Beogh.
  7687 | D:9      | Reached skill level 10 in Fighting
  7931 | D:10     | Entered Level 10 of the Dungeon
  7958 | D:10     | Received a gift from Trog
  8241 | D:10     | Noticed an unseen horror
  8255 | D:10     | Killed an unseen horror
  8255 | D:10     | Reached skill level 10 in Armour
  8498 | D:10     | Reached XP level 11. HP: 73/101 MP: 3/10
  8685 | D:10     | Got a smelly scale mail
  8696 | D:10     | Identified the +0 scale mail of Trog's Favour {rN+ Regen+ Int+6 Stlth-} (You found it on level 10 of the Dungeon)
  8704 | D:10     | Reached skill level 10 in Dodging
  8894 | D:11     | Noticed a sixfirhy
  9172 | D:11     | Found an opulent altar of Gozag.
  9215 | D:11     | Reached skill level 11 in Armour
  9269 | D:11     | Noticed an unseen horror
  9280 | D:11     | Killed an unseen horror
  9591 | D:11     | Received a gift from Trog
  9920 | D:11     | Found Xuadurule's Antique Weapon Shoppe.
  9988 | D:12     | Noticed Rupert
  9991 | D:12     | Paralysed by Rupert for 2 turns
  9993 | D:12     | Killed Rupert
 10012 | D:12     | Noticed a hill giant
 10015 | D:12     | Killed a hill giant
 10095 | D:12     | Reached XP level 12. HP: 91/111 MP: 6/11
 10386 | D:12     | Found a staircase to the Orcish Mines.
 10396 | D:12     | Reached skill level 12 in Armour
 10577 | D:12     | Noticed a six-headed hydra
 10585 | D:12     | Killed a six-headed hydra
 10947 | Orc:1    | Entered Level 1 of the Orcish Mines
 11011 | Orc:2    | Entered Level 2 of the Orcish Mines
 11011 | Orc:2    | Found a staircase to the Elven Halls.
 11094 | Orc:1    | Found a roughly hewn altar of Beogh.
 11180 | Orc:1    | Found Gususmoz's Armour Shoppe.
 11624 | Orc:2    | Noticed an orc warlord
 11643 | Orc:2    | Killed an orc warlord
 11789 | Orc:2    | Noticed an orc high priest
 11921 | Orc:2    | Killed an orc high priest
 11974 | Orc:2    | Received a gift from Trog
 12102 | Orc:2    | Paralysed by an orc sorcerer for 2 turns
 12129 | Orc:2    | Found Diurhem's Book Boutique.
 12130 | Orc:2    | Found Ekhol's Weapon Boutique.
 12137 | Orc:2    | Reached skill level 13 in Armour
 12138 | Orc:2    | Found Kokhuoh's Armour Shop.
 12138 | Orc:2    | Found Xicepueq's Distillery.
 12317 | Orc:2    | Reached XP level 13. HP: 100/122 MP: 12/12
 13468 | D:14     | Found Geshre's Demolitions Depot.
 13479 | D:14     | Bought a manual of Evocations for 1214 gold pieces
 13780 | D:14     | Reached ****** piety under Trog
 13780 | D:14     | Reached skill level 1 in Evocations
 14333 | D:14     | Found a gate to the Vaults.
 14338 | D:14     | Received a gift from Trog
 14338 | D:14     | Reached skill level 14 in Armour
 14681 | D:15     | Entered Level 15 of the Dungeon
 14805 | D:15     | Found a staircase to the Depths.
 14811 | D:15     | Reached skill level 5 in Evocations
 15167 | D:15     | Noticed Kirke
 15195 | D:15     | Killed Kirke
 15233 | D:15     | Noticed a white very ugly thing
 15278 | D:15     | Noticed a fire dragon
 15278 | D:15     | Noticed a fire dragon
 15289 | D:15     | Noticed a cyan very ugly thing
 15699 | D:11     | Found a staircase to the Lair.
 15805 | D:11     | Reached XP level 14. HP: 92/133 MP: 5/17
 15949 | Lair:1   | Entered Level 1 of the Lair of Beasts
 17364 | Lair:3   | Reached skill level 15 in Armour
 17372 | Lair:3   | Reached skill level 15 in Fighting
 17409 | Lair:3   | Found a hole to the Spider Nest.
 17976 | Lair:3   | Received a gift from Trog
 18305 | Lair:4   | Found a staircase to the Shoals.
 19048 | Lair:5   | Found a staircase to the Slime Pits.
 19072 | Lair:5   | Found a frozen archway.
 19086 | IceCv    | Entered an ice cave
 19276 | IceCv    | Identified the Guide on Aid
 19660 | Lair:5   | You fall through a shaft!
 19660 | Lair:6   | Entered Level 6 of the Lair of Beasts
 19705 | Lair:6   | Reached XP level 15. HP: 74/141 MP: 21/21
 19919 | Lair:5   | Received a gift from Trog
 20198 | Lair:5   | Noticed Josephine
 20203 | Lair:5   | Killed Josephine
 20762 | Lair:6   | Reached skill level 16 in Armour
 20762 | Lair:6   | Reached skill level 10 in Evocations
 21273 | Lair:6   | Reached skill level 15 in Dodging
 21274 | Lair:6   | Received a gift from Trog
 21818 | Spider:1 | Entered Level 1 of the Spider Nest
 23830 | Spider:2 | Reached XP level 16. HP: 152/152 MP: 23/23
 24221 | Spider:2 | Reached skill level 17 in Armour
 24529 | Spider:3 | Noticed Arachne
 24809 | Spider:3 | Killed Arachne
 24812 | Spider:3 | Slain by a spark wasp

Skill      XL: |  1  2  3  4  5  6  7  8  9 10 11 12 13 14 15 16 |
---------------+-------------------------------------------------+-----
Fighting       | 4 5 6 7 9 10 11 13 14 15 16 | 16.9
Dodging        | 3 4 5 7 8 9 11 12 13 14 15 | 15.7
Maces & Flails | 4 5 6 8 9 10 12 13 14 | 14.0
Armour         | 3 4 5 7 8 10 11 13 14 15 16 17 | 17.1
Evocations     | 6 9 11 12 | 12.3

Action                   |  1- 3 |  4- 6 |  7- 9 | 10-12 | 13-15 | 16-18 || total
-------------------------+-------+-------+-------+-------+-------+-------++-------
Melee: Mace              |    67 |   128 |   274 |   135 |       |       ||   604
       Headbutt          |     8 |    21 |    49 |   155 |   255 |    17 ||   505
       Whip              |       |       |       |    94 |       |       ||    94
       Great mace        |       |       |       |   569 |  1127 |    89 ||  1785
       Dire flail        |       |       |       |    10 |       |       ||    10
 Fire: Longbow           |       |       |       |     9 |     2 |       ||    11
Throw: Javelin           |       |       |       |     2 |       |       ||     2
Invok: Trog's Hand       |       |     1 |       |     3 |     3 |     1 ||     8
       Berserk           |       |       |     1 |     4 |     8 |     2 ||    15
       Brothers in Arms  |       |       |       |     4 |     4 |     1 ||     9
Evoke: Wand              |       |       |       |     6 |     1 |       ||     7
  Use: Scroll            |       |       |     5 |     3 |    22 |     2 ||    32
       Potion            |       |       |       |     2 |     2 |     2 ||     6
  Eat: Chunk             |       |     5 |    13 |    31 |    42 |     4 ||    95
       Pizza             |       |       |       |       |     2 |       ||     2
       Fruit             |       |       |       |       |     4 |     2 ||     6
Armor: Scale mail        |    28 |    41 |   113 |   350 |   513 |    41 ||  1086
Dodge: Dodged            |    35 |   101 |   161 |   651 |  1334 |    99 ||  2381
